 Seeded DCSS version 0.31-a0-66-ge618eeaa78 (webtiles) character file.

Game seed: 12735965570273765983 (custom seed)

15874 Pimp the Skirmisher (level 12, 0/76 HPs)
             Began as a Tengu Hunter on May 22, 2023.
             Was the Champion of Okawaru.
             Slain by a troll (10 damage)
             ... on level 2 of the Orcish Mines.
             The game lasted 00:21:44 (9367 turns).

Pimp the Skirmisher (Tengu Hunter)                  Turns: 9367, Time: 00:21:45

Health: 0/76       AC:  9    Str: 16    XL:     12   Next: 31%
Magic:  13/13      EV: 27    Int: 12    God:    Okawaru [******]
Gold:   1288       SH:  0    Dex: 19    Spells: 11/11 levels left

rFire   + . .        d - +3 longbow of Jum Kimn {heavy, Str+3}
rCold   . . .        (shield currently unavailable)
rNeg    . . .        K - +1 steam dragon scales
rPois   .            (helmet restricted)
rElec   .            (no cloak)
rCorr   .            h - +0 pair of gloves
SInv    .            (boots unavailable)
Will    .....        Q - amulet of faith
Stlth   ++           f - ring of the Well-Known Mystics {Wiz rF+ Slay+6}
HPRegen 0.32/turn    l - +5 ring of evasion
MPRegen 0.13/turn

%: faith, wizardry (x1)
@: about to teleport, flying quickly and evasively, studying 2 skills, quick
A: beak, talons 3, nimble flight
a: Renounce Religion, Heroism, Finesse, Duel


You were on level 2 of the Orcish Mines.
You worshipped Okawaru.
Okawaru was exalted by your worship.
You visited 3 branches of the dungeon, and saw 14 of its levels.
You also visited: Ossuary.

You collected 1288 gold pieces.

Inventory:

Hand Weapons
 d - the +3 longbow of Jum Kimn (weapon) {heavy, Str+3}
   (You acquired it on level 1 of the Dungeon)

   Str:       It affects your strength (+3).
 r - a +3 dagger of draining
 P - a +4 scimitar
 U - the +8 longbow "Iqafirch" {antimagic, rF+ Int+3}
   (Okawaru gifted it to you on level 11 of the Dungeon)

   Int:       It affects your intelligence (+3).
   rF:        It protects you from fire.
Missiles
 S - 2 throwing nets
Armour
 c - a +0 leather armour
 h - a +0 pair of gloves (worn)
 K - +1 steam dragon scales (worn)
Jewellery
 f - the ring of the Well-Known Mystics (left hand) {Wiz rF+ Slay+6}
   (You acquired it on level 1 of the Dungeon)

   [ring of wizardry]

   It improves your spell success rate.
   Slay:      It affects your accuracy & damage with ranged weapons and melee
   (+6).
   rF:        It protects you from fire.
 l - a +5 ring of evasion (right hand)
 n - a ring of magical power
 o - an amulet of the acrobat
 E - a +4 ring of slaying
 H - a ring of protection from cold
 J - a ring of magical power
 M - a ring of protection from fire
 Q - an amulet of faith (around neck)
 R - a +6 ring of strength
Wands
 B - a wand of light (19)
 C - a wand of paralysis (11)
 F - a wand of flame (25)
 L - a wand of iceblast (7)
 N - a wand of polymorph (5)
Scrolls
 b - 5 scrolls of immolation
 p - 3 scrolls of blinking
 u - 2 scrolls of fear
 v - 2 scrolls of torment
 x - a scroll of fog
 y - a scroll of enchant weapon
 G - 2 scrolls of teleportation
 O - 2 scrolls of amnesia
Potions
 g - 7 potions of mutation
 i - 2 potions of berserk rage
 j - 3 potions of attraction
 k - 5 potions of curing
 m - 2 potions of brilliance
 q - a potion of ambrosia
 s - 2 potions of resistance {unknown}
 t - a potion of haste
 w - 3 potions of might
 z - 2 potions of enlightenment {unknown}
 A - 3 potions of heal wounds
 D - 3 potions of cancellation {unknown}


   Skills:
 + Level 9.2 Fighting
 * Level 14.1 Ranged Weapons
 + Level 9.7 Armour
 + Level 10.1 Dodging
 - Level 1.4 Stealth


You had 11 spell levels left.
You didn't know any spells.
Your spell library contained the following spells:

 Spells                   Type           Power      Damage    Failure   Level
 Magic Dart               Conj           0%         1d3       13%         1
 Dazzling Flash           Conj/Hex       0%         N/A       36%         3
 Gell's Gravitas          Tloc           0%         N/A       36%         3
 Mephitic Cloud           Conj/Pois/Air  0%         N/A       36%         3
 Teleport Other           Tloc           0%         N/A       36%         3
 Volatile Blastmotes      Fire/Tloc      0%         2d10      36%         3
 Iskenderun's Mystic Bla  Conj/Tloc      0%         2d3       75%         4
 Dispersal                Tloc           0%         N/A       100%        6
 Starburst                Conj/Fire      0%         6d3       100%        6
 Call Imp                 Summ           Unusable   N/A       N/A         2

Dungeon Overview and Level Annotations

Branches:
Dungeon (11/15)            Temple (1/1) D:5            Lair (0/5) D:11
    Orc (2/2) D:9         Ossuary (visited)
    Elf: Orc:2

Altars:
Dithmenos
Elyvilon
Fedhas
Gozag
Hepliaklqana
Kikubaaqudgha
Nemelex Xobeh
Okawaru
Qazlal
Uskayaw
Vehumet
Wu Jian
Yredelemnul
The Shining One

Shops:
D:3 ?   D:4 =   D:10 [

Portals:
Abyss: D:8

Annotations:
D:11 3 runed translucent doors, thug444's ghost, journeyman MiFi


Innate Abilities, Weirdness & Mutations

You have a beak for a mouth.
You have claws for feet.
Your magical nature lets you fly swiftly and evasively.


Message History

Okawaru accepts your kill.
Okay, then.
Okay, then.
You drop 9 potions of degeneration.
You start resting.
You feel your willpower return.
You fly downwards.
You hear coins being counted.
An interdimensional caravan has stopped on this level and set up a bazaar.
Hurry and find its entrance before they move on!
The orc warrior shouts!
The orc completely misses you. The troll bites you!
The troll closely misses you. The troll completely misses you.
The orc priest looks encouraged for a moment.
The orc closely misses you. The troll barely misses you.
The troll completely misses you. x2
There is a stone staircase leading up here.
You shoot an arrow. The arrow hits the orc priest!!!
You kill the orc priest!
Okawaru accepts your kill.
You hear a shout!
The troll misses you. x2; The troll barely misses you.
The orc misses you. The orc wizard misses you.
You hear a shout!
As you read the scroll of teleportation, it crumbles to dust.
You feel strangely unstable.
You hear a shout!
The orc knight roars a battlecry!
The orcs go into a battle-frenzy!
The orc wizard completely misses you. The orc completely misses you.
You shoot an arrow. The arrow misses the orc wizard.
The troll bites you!
* * * LOW HITPOINT WARNING * * *
The troll completely misses you. The troll claws you.
* * * LOW HITPOINT WARNING * * *
The troll misses you. The troll closely misses you.
The troll barely misses you. The orc wizard completely misses you.
The orc priest looks braver for a moment.
An orc comes into view. It is wielding a +0 mace.
The troll completely misses you. The troll misses you. x2
The troll closely misses you. The troll misses you. The troll claws you!
You die...

...
... #
.. .#
## ..
)..
##.##.
...
#..o.
.o
#To#o#
#T@o#
##o##
#o#
.o.
#.#
##. .
.


You could see an orc knight, 2 trolls, an orc warrior (strong), 2 orc priests, 2
orc wizards and 2 orcs.

Vanquished Creatures
  3 two-headed ogres
  Erica (D:8)
  The ghost of patfeehan111222 the Cleaver, a novice DsBe of Trog (D:8)
  Lodul (D:10)
  An orc sorcerer (Orc:1)
  A gargoyle (D:11)
  2 komodo dragons
  3 trolls
  A wraith (D:11)
  A shadow (D:11)
  A water elemental (D:11)
  2 vampires (D:11)
  14 yaks
  A chaos spawn (D:8)
  3 vampire mosquitoes (D:10)
  2 steam dragons
  The ghost of rinse the Sneak, an amateur KoDe (D:6)
  An acid dragon (D:9)
  2 water moccasins
  2 ice beasts
  14 orc warriors
  A sky beast (D:7)
  A small abomination (D:8)
  3 centaurs
  8 ogres
  A phantom (D:5)
  3 kobold brigands (D:8)
  An elf zombie (D:4)
  9 bullfrogs
  A gnoll sergeant (D:7)
  6 scorpions
  12 wights
  6 killer bees
  2 electric eels
  3 howler monkeys
  A centaur zombie (D:4)
  6 hounds
  3 jellies
  A gnoll bouda (D:10)
  2 sleepcaps
  10 orc priests
  A human zombie (D:4)
  Jessica (D:2)
  A human skeleton (D:4)
  4 iguanas
  21 orc wizards
  4 mummies (Ossuary)
  13 gnolls
  5 adders
  2 shadow imps
  2 white imps
  2 ufetubi
  An adder zombie (D:4)
  5 worms
  5 dart slugs
  62 orcs
  8 ball pythons
  7 endoplasms
  A giant cockroach (D:3)
  2 gnoll zombies (Ossuary)
  6 goblins
  10 hobgoblins
  7 jackals
  5 quokkas
  4 bats
  3 frilled lizards
  2 hobgoblin zombies (Ossuary)
  22 kobolds
  3 kobold zombies (Ossuary)
  3 orc skeletons (D:4)
  An orc zombie (Ossuary)
  4 rats
355 creatures vanquished.

Notes
Turn   | Place    | Note
-------+----------+-------------------------------------------
     0 | D:1      | Pimp the Tengu Hunter began the quest for the Orb.
     0 | D:1      | Reached XP level 1. HP: 12/12 MP: 2/2
   142 | D:1      | Identified 2 scrolls of acquirement
   142 | D:1      | Acquired the +3 longbow of Jum Kimn {heavy, Str+3}
   143 | D:1      | Acquired the ring of the Well-Known Mystics {Wiz rF+
                  | Slay+6}
   182 | D:1      | Reached XP level 2. HP: 17/17 MP: 3/3
   458 | D:1      | Reached XP level 3. HP: 22/22 MP: 4/4
   808 | D:2      | Noticed Jessica
   812 | D:2      | Killed Jessica
   813 | D:2      | Reached skill level 1 in Armour
   813 | D:2      | Reached XP level 4. HP: 27/27 MP: 5/5
   978 | D:2      | Reached skill level 5 in Ranged Weapons
   993 | D:2      | Found an opulent altar of Gozag.
  1281 | D:3      | Gained mutation: Your magical nature lets you fly swiftly
                  | and evasively. [Tengu growth]
  1281 | D:3      | Reached XP level 5. HP: 32/32 MP: 6/6
  1294 | D:3      | Found Liryusam's Magic Scroll Emporium.
  1571 | D:4      | Found a sand-covered staircase.
  1576 | Ossuary  | Entered an ossuary
  1652 | Ossuary  | Reached XP level 6. HP: 37/37 MP: 7/7
  1792 | D:4      | Found a shadowy altar of Dithmenos.
  1853 | D:4      | Found Elafyh's Jewellery Emporium.
  2021 | D:4      | Found a hazy altar of Hepliaklqana.
  2021 | D:4      | Found a blossoming altar of Fedhas.
  2067 | D:4      | Reached skill level 6 in Ranged Weapons
  2081 | D:4      | Found a radiant altar of Vehumet.
  2114 | D:4      | Reached XP level 7. HP: 42/42 MP: 8/8
  2183 | D:4      | Found a basalt altar of Yredelemnul.
  2612 | D:5      | Entered Level 5 of the Dungeon
  2691 | D:5      | Reached skill level 7 in Ranged Weapons
  2745 | D:5      | Reached XP level 8. HP: 48/48 MP: 9/9
  2745 | D:5      | Found an ornate altar of the Wu Jian Council.
  2778 | D:5      | Found a staircase to the Ecumenical Temple.
  2802 | Temple   | Entered the Ecumenical Temple
  2817 | Temple   | Became a worshipper of Warmaster Okawaru
  3011 | D:5      | Reached skill level 5 in Dodging
  3024 | D:5      | Found a hide-covered altar of Uskayaw.
  3074 | D:5      | Noticed a troll
  3205 | D:4      | Killed a troll
  3313 | D:5      | Reached * piety under Okawaru
  3333 | D:5      | Reached skill level 8 in Ranged Weapons
  3343 | D:5      | Reached skill level 5 in Fighting
  3493 | D:6      | Reached skill level 5 in Armour
  3704 | D:6      | Found a runed translucent door.
  3708 | D:6      | Noticed rinse's ghost (amateur KoDe)
  3712 | D:6      | Reached XP level 9. HP: 54/54 MP: 10/10
  3727 | D:6      | Reached ** piety under Okawaru
  3732 | D:6      | Reached skill level 9 in Ranged Weapons
  3732 | D:6      | Killed rinse's ghost
  3743 | D:6      | Found a runed translucent door.
  4452 | D:7      | Reached *** piety under Okawaru
  4553 | D:7      | Reached skill level 10 in Ranged Weapons
  4610 | D:7      | Found a white marble altar of Elyvilon.
  5089 | D:8      | Noticed Erica
  5091 | D:8      | Reached XP level 10. HP: 60/61 MP: 11/11
  5100 | D:8      | Killed Erica
  5242 | D:8      | Found a transporter.
  5250 | D:8      | Found a transporter.
  5295 | D:8      | Found a one-way gate to the infinite horrors of the Abyss.
  5295 | D:8      | Noticed patfeehan111222's ghost (novice DsBe)
  5333 | D:8      | Reached **** piety under Okawaru
  5369 | D:8      | Identified the +3 sling of the Heavens {drain, rElec MP-9
                  | Dex+5 SInv}
  5436 | D:8      | Reached skill level 11 in Ranged Weapons
  5823 | D:8      | Found a sparkling altar of Nemelex Xobeh.
  5994 | D:8      | Killed patfeehan111222's ghost
  6132 | D:9      | Reached ***** piety under Okawaru
  6600 | D:9      | Found an ancient bone altar of Kikubaaqudgha.
  6702 | D:9      | Found a staircase to the Orcish Mines.
  6705 | D:9      | Reached XP level 11. HP: 68/68 MP: 12/12
  6763 | D:9      | Reached skill level 12 in Ranged Weapons
  6880 | D:9      | Found a glowing golden altar of the Shining One.
  7092 | D:10     | Entered Level 10 of the Dungeon
  7145 | D:10     | Received a gift from Okawaru
  7515 | D:10     | Found Ylyrgha's Antique Armour Emporium.
  7529 | D:10     | Noticed a two-headed ogre
  7531 | D:10     | Killed a two-headed ogre
  7613 | D:10     | Noticed Lodul
  7616 | D:10     | Killed Lodul
  7616 | D:10     | Reached ****** piety under Okawaru
  7631 | D:10     | Reached skill level 13 in Ranged Weapons
  8063 | D:11     | Identified the +8 longbow "Iqafirch" {antimagic, rF+ Int+3}
                  | (Okawaru gifted it to you on level 11 of the Dungeon)
  8063 | D:11     | Received a gift from Okawaru
  8530 | D:11     | Noticed a two-headed ogre
  8532 | D:11     | Killed a two-headed ogre
  8533 | D:11     | Reached XP level 12. HP: 75/75 MP: 13/13
  8730 | D:11     | Noticed a two-headed ogre
  8734 | D:11     | Killed a two-headed ogre
  8867 | D:11     | Found a runed translucent gate.
  8867 | D:11     | Found a runed translucent gate.
  8867 | D:11     | Found a runed translucent gate.
  8868 | D:11     | Found an opulent altar of Gozag.
  8877 | D:11     | Noticed a stone giant
  8916 | D:11     | Noticed thug444's ghost (journeyman MiFi)
  8917 | D:11     | Noticed a boulder beetle
  8986 | D:11     | Found a staircase to the Lair.
  9099 | Orc:1    | Entered Level 1 of the Orcish Mines
  9131 | Orc:1    | Reached skill level 10 in Dodging
  9143 | Orc:1    | Reached skill level 14 in Ranged Weapons
  9149 | Orc:1    | Received a gift from Okawaru
  9331 | Orc:2    | Entered Level 2 of the Orcish Mines
  9367 | Orc:2    | Slain by a troll

Illustrated notes

Levels and vault maps discovered:
D:1:      dpeg_arrival_long_road, layout_loops_cross, hex_tiny
D:2:      layout_rooms, basic_altar, uniq_jessica
D:3:      layout_rooms, serial_shops, shop, st_stairs_8, grunt_ministairs_10
D:4:      layout_basic, vehumet_crystals, lemuel_zombie_altar_yredelemnul,
          nicolae_dithmenos_shadow_blocks, nicolae_overflow_two_pavilions,
          serial_shops, kennysheep_mini, nicolae_ossuary_entry_catacombs
D:5:      layout_basic, nicolae_uskayaw_suspiria, mainiacjoe_overflow_boulevard,
          minmay_temple_entry_slanted, minmay_manual_monstrance
D:6:      layout_loops_ring, ebering_ghost_sewer_f
D:7:      layout_basic, mainiacjoe_overflow_tiny_flanked
D:8:      corexii_shack_village, layout_rooms, nemelex_spade_bored_becter,
          gammafunk_ghost_abyssal_escape, minmay_manual_mail, uniq_erica
D:9:      layout_loops_ring, tso_oasis_becter, kiku_gazebo_garden_becter,
          erik_orc_2
D:10:     layout_roguey, serial_shops, shop, uniq_lodul
D:11:     layout_rooms, grunt_lair_entry_orc_guard_hut, ebering_ghost_gozag,
          minivault_14
Temple:   jpeg_temple_clearing
Orc:1:    layout_caves
Orc:2:    st_orc_rangers, layout_diamond_mine, serial_shops, bzr_entry_lakeside

Skill      XL: |  1  2  3  4  5  6  7  8  9 10 11 12 |
---------------+-------------------------------------+-----
Armour         | 1 2 3 4 5 6 7 9 |  9.7
Dodging        | 3 4 5 7 8 9 10 | 10.1
Ranged Weapons | 5 6 7 8 10 11 13 14 | 14.1
Fighting       | 3 4 5 6 7 8 9 |  9.2
Stealth        | |  1.4

Action                     |  1- 3 |  4- 6 |  7- 9 | 10-12 || total
---------------------------+-------+-------+-------+-------++-------
  Melee: Longbow           |       |       |       |     5 ||     5
         Peck              |       |       |       |     1 ||     1
   Fire: Longbow           |    39 |   107 |   181 |   319 ||   646
    Use: Scroll            |     3 |     1 |     3 |    15 ||    22
         Potion            |       |       |       |     1 ||     1
 Armour: Leather armour    |     1 |     8 |    10 |     1 ||    20
         Steam dragon scal |       |       |       |    19 ||    19
  Dodge: Dodged            |    14 |    68 |   203 |   230 ||   515

Table legend: (Time is in decaauts)
 A = Elapsed time spent in this place.
 B = Non-inter-level travel time spent in this place.
 C = Inter-level travel time spent in this place.
 D = Time resting spent in this place.
 E = Time spent auto-exploring this place.
 F = Levels seen in this place.
 G = Mean time per level.
                   A        B        C        D        E       F      G
               +--------+--------+--------+--------+--------+-----+--------+
         Total |   9363 |   8817 |    546 |   1211 |   5606 |  15 |  624.2 |
       Dungeon |   8883 |   8363 |    520 |   1202 |   5330 |  11 |  807.5 |
        Temple |     28 |     16 |     12 |      0 |      0 |   1 |   28.0 |
  Orcish Mines |    265 |    252 |     13 |      9 |    160 |   2 |  132.5 |
       Ossuary |    186 |    186 |      0 |      0 |    115 |   1 |  186.0 |
               +--------+--------+--------+--------+--------+-----+--------+

Top non-repeatable levels by time:
     D:8: 1110 daAuts
     D:9: 1038 daAuts
     D:4: 1024 daAuts
    D:11: 1013 daAuts
    D:10: 917 daAuts
     D:1: 791 daAuts
     D:6: 767 daAuts
     D:7: 704 daAuts
     D:5: 684 daAuts
     D:3: 420 daAuts
     D:2: 412 daAuts
   Orc:1: 249 daAuts
 Ossuary: 186 daAuts
  Temple: 28 daAuts
   Orc:2: 15 daAuts
